 Dungeon Crawl Stone Soup version 0.30.1-4-g462c640d31 (webtiles) character file.

Game seed: 1895187081329056327

123 croobank the Sneak (level 4, 0/37 HPs)
             Began as a Demonspawn Delver on Sept 1, 2023.
             Was a Priest of Jiyva.
             Slain by Edmund
             ... wielding a +2 dire flail of holy wrath
              (11 damage)
             ... on level 4 of the Dungeon.
             The game lasted 00:05:59 (1917 turns).

croobank the Sneak (Demonspawn Delver)              Turns: 1917, Time: 00:05:59

Health: 0/37       AC:  3    Str: 11 (12) XL:     4   Next: 79%
Magic:  4/4        EV: 12    Int: 12 (13) God:    Jiyva [***...]
Gold:   16         SH:  0    Dex: 13 (15) Spells: 3/3 levels left

rFire   . . .        b - +3 sling (chaos)
rCold   . . .        (no shield)
rNeg    . . .        l - +0 leather armour
rPois   .            (helmet restricted)
rElec   .            (no cloak)
rCorr   +            (no gloves)
SInv    .            (no boots)
Will    .....        (no amulet)
Stlth   +++          (no ring)
HPRegen 1.38/turn    (no ring)
MPRegen 0.44/turn

%: no passive effects
@: mighty
A: horns 1, demonic guardian 2
a: Renounce Religion, Oozemancy


You were on level 4 of the Dungeon.
You worshipped Jiyva.
Jiyva was most pleased with you.
You visited 1 branch of the dungeon, and saw 6 of its levels.

You collected 83 gold pieces.
You spent 67 gold pieces at shops.

Inventory:

Hand Weapons
 a - a +0 short sword
 b - a +3 sling of chaos (weapon)
Missiles
 h - 11 boomerangs
Armour
 l - a +0 leather armour (worn)
Wands
 i - a wand of flame (20)
Scrolls
 c - a scroll of fog
 f - a scroll of enchant armour {unknown}
 g - 3 scrolls of blinking {unknown}
 j - 3 scrolls of magic mapping
 n - 2 scrolls of identify {unknown}
 o - 3 scrolls of immolation {unknown}


   Skills:
 + Level 3.7 Fighting
 + Level 2.7 Short Blades
 + Level 2.7 Dodging
 + Level 5.1 Stealth


You had 3 spell levels left.
You didn't know any spells.
Your spell library contained the following spells:

 Spells                   Type           Power      Damage    Failure   Level
 Lesser Beckoning         Tloc           0%         N/A       54%         2
 Gell's Gravitas          Tloc           0%         N/A       78%         3
 Teleport Other           Tloc           0%         N/A       78%         3


Dungeon Overview and Level Annotations

Branches:
Dungeon (6/15)             Temple (0/1) D:5

Altars:
Jiyva

Shops:
D:3 :[(*=

Annotations:
D:4 Edmund


Innate Abilities, Weirdness & Mutations

You have a pair of small horns on your head.
A demonic guardian rushes to your aid.


Message History

It is a scroll of brand weapon.
Your +3 heavy sling erupts in a glittering mayhem of colour.
b - a +3 sling of chaos (weapon)
Edmund barely misses you.
As you read the scroll of fear, it crumbles to dust.
You assume a fearsome visage.
Edmund looks frightened!
You hear a distant slurping noise.
It was a potion of degeneration.
There was something very wrong with that liquid.
You feel weakened.
You feel dopey.
You feel clumsy.
It was a potion of might.
You feel very mighty all of a sudden.
Fire: b) +3 sling (chaos)
Press: ? - help, Q - select action, (/) - cycle Shift-Dir - straight line, f - Edmund
Aim: Edmund, wielding a +2 dire flail of holy wrath and wearing a +0 ring mail (fleeing, 63% to hit)
You shoot a sling bullet. The sling bullet hits Edmund.
The sling bullet burns Edmund.
Your attack snaps Edmund out of his fear.
Edmund is lightly wounded.
Fire: b) +3 sling (chaos)
Press: ? - help, Q - select action, (/) - cycle Shift-Dir - straight line, f/p - Edmund
Aim: Edmund, wielding a +2 dire flail of holy wrath and wearing a +0 ring mail (lightly wounded, 63% to hit)
You shoot a sling bullet. The sling bullet closely misses Edmund.
Fire: b) +3 sling (chaos)
Press: ? - help, Q - select action, (/) - cycle Shift-Dir - straight line, f/p - Edmund
Aim: Edmund, wielding a +2 dire flail of holy wrath and wearing a +0 ring mail (lightly wounded, 63% to hit)
You shoot a sling bullet. The sling bullet barely misses Edmund.
Edmund hits you with a +2 dire flail of holy wrath.
You convulse.
Edmund hits you with a +2 dire flail of holy wrath!
A demonic guardian appears!
You convulse!
* * * LOW HITPOINT WARNING * * *
Fire: b) +3 sling (chaos)
Press: ? - help, Q - select action, (/) - cycle Shift-Dir - straight line, f/p - Edmund
Aim: Edmund, wielding a +2 dire flail of holy wrath and wearing a +0 ring mail (lightly wounded, ally target, 63% to hit)
You shoot a sling bullet. The sling bullet hits Edmund.
Space warps around Edmund.
Edmund is lightly wounded.
Edmund hits you with a +2 dire flail of holy wrath!
You die...

##### ######...##
####.........###
##..............###
#...........4.....#
#..........@..?..#
#........@......#
#....>.........##
##.............#
#.............#
##........>...#
#..........###
##.#..##...# #..###
...#


You could see Edmund (ally target) and a friendly hellwing (summoned).

Vanquished Creatures
  An orc priest (D:2)
  5 adders
  A white imp (D:3)
  3 dart slugs
  4 orcs
  3 ball pythons
  A bat (D:1)
  A giant cockroach (D:2)
  4 goblins
  8 hobgoblins
  4 jackals (D:1)
  4 quokkas
  3 frilled lizards
  3 kobolds
  6 rats (D:1)
51 creatures vanquished.

Vanquished Creatures (collateral kills)
  A worm (D:3)
1 creature vanquished.

Vanquished Creatures (others)
  A jelly (D:3)
  Robin (D:3)
  2 adders
  A dart slug (D:2)
  3 orcs
  2 ball pythons (D:1)
  2 endoplasms
  A giant cockroach (D:3)
  10 goblins
  3 hobgoblins
  A quokka (D:3)
  2 kobolds (D:3)
  3 rats
32 creatures vanquished.

Grand Total: 84 creatures vanquished

Notes
Turn   | Place    | Note
-------+----------+-------------------------------------------
     0 | D:5      | croobank the Demonspawn Delver began the quest for the Orb.
     0 | D:5      | Reached XP level 1. HP: 18/18 MP: 1/1
     6 | D:6      | Noticed a gnoll sergeant
   185 | D:5      | Noticed an orc wizard
   185 | D:5      | Noticed a jelly
   188 | D:5      | Noticed an orc priest
   193 | D:5      | Noticed an orc priest
   207 | D:5      | Noticed an orc wizard
   208 | D:5      | Noticed an orc wizard
   229 | D:5      | Noticed an ogre
   246 | D:5      | Noticed an ogre
   249 | D:4      | Noticed Edmund
   264 | D:3      | Found a faded altar of an unknown god.
   272 | D:3      | Prayed at the altar of an unknown god.
   272 | D:3      | Became a worshipper of Jiyva Jorphuom the Shapeless
   272 | D:3      | Reached * piety under Jiyva
   329 | D:2      | Discovered your monstrous ancestry.
   329 | D:2      | Gained mutation: You have a pair of small horns on your
                  | head. [demonic ancestry]
   329 | D:2      | Reached XP level 2. HP: 24/24 MP: 2/2
   464 | D:1      | Reached ** piety under Jiyva
   474 | D:1      | Gained mutation: A weak demonic guardian rushes to your
                  | aid. [demonic ancestry]
   474 | D:1      | Reached XP level 3. HP: 29/29 MP: 3/3
  1052 | D:2      | Gained mutation: A demonic guardian rushes to your aid.
                  | [demonic ancestry]
  1052 | D:2      | Reached XP level 4. HP: 33/35 MP: 4/4
  1336 | D:3      | Reached skill level 5 in Stealth
  1339 | D:3      | Found Masm's Antique Weapon Shoppe.
  1347 | D:3      | Bought a glowing sling for 67 gold pieces
  1355 | D:3      | Found Dacir's Armour Shop.
  1373 | D:3      | Found Nixow's General Store.
  1442 | D:3      | Reached *** piety under Jiyva
  1565 | D:3      | Found Ysioblaq's Jewellery Shop.
  1634 | D:3      | Killed Robin
  1820 | D:3      | Found Kehiv's Book Shop.
  1917 | D:4      | Slain by Edmund

Illustrated notes

Levels and vault maps discovered:
D:1:      tarquinn_simple_flora_water_e, layout_basic
D:2:      layout_rooms, st_stairs_8
D:3:      minmay_general_purpose_star, layout_basic, serial_shops,
          nicolae_shop_temple_entry_statues_fountains, shop,
          nicolae_shop_crystal, nicolae_shop_gaudy_bauble, shop,
          chequers_ecumenical_altar_simple, moated_statue, uniq_robin
D:4:      layout_cave_pods, uniq_edmund
D:5:      kennysheep_slugbush, layout_basic, minmay_temple_entry_stoned_glass,
          uniq_pikel
D:6:      layout_basic, lemuel_coloured_pillars_altar,
          nicolae_overflow_crystal_walls, serial_shops, shop, serial_glass,
          glass_columns_b, glass_columns_a, glass_columns_a, glass_columns_a

Skill      XL: |  1  2  3  4 |
---------------+-------------+-----
Short Blades   | 2 |  2.7
Dodging        | 2 |  2.7
Stealth        | 5 |  5.1
Fighting       | |  3.7

Action                     |  1- 3 |  4- 6 || total
---------------------------+-------+-------++-------
  Melee: Short sword       |   129 |     7 ||   136
         Headbutt          |    13 |     1 ||    14
         Punch             |     1 |       ||     1
   Fire: Sling             |       |    26 ||    26
  Throw: Boomerang         |     6 |       ||     6
  Evoke: Wand              |     3 |       ||     3
    Use: Scroll            |     2 |     2 ||     4
         Potion            |     1 |     2 ||     3
   Stab: Sleeping          |     7 |     1 ||     8
 Armour: Leather armour    |    26 |     3 ||    29
  Dodge: Dodged            |    89 |    15 ||   104
